 Dungeon Crawl Stone Soup version 0.23.2 (webtiles) character file.

Game seed: 248041005754285181

7939 Peloso the Carver (level 11, -9/97 HPs)
             Began as a Minotaur Fighter on Apr 1, 2019.
             Was an Elder of Okawaru.
             Mangled by a sixfirhy (11 damage)
             ... summoned by a kobold demonologist
             ... on level 10 of the Dungeon.
             The game lasted 00:23:20 (9380 turns).

Peloso the Carver (Minotaur Fighter)                Turns: 9380, Time: 00:23:21

Health: -9/97      AC: 15    Str: 23    XL:     11   Next: 3%
Magic:  10/10      EV:  6    Int:  5    God:    Okawaru [****..]
Gold:   1056       SH: 12    Dex: 17    Spells: 10/10 levels left

rFire    . . .     SeeInvis .   a - +1 long sword (slice)
rCold    . . .     Gourm    .   c - +0 shield
rNeg     . . .     Faith    .   i - +0 plate armour
rPois    .         Spirit   .   (helmet restricted)
rElec    .         Reflect  .   j - +0 cloak
rCorr    +         Harm     .   (no gloves)
MR       .....                  (no boots)
Stlth    ..........             x - amulet of magic regeneration
HPRegen  0.26/turn              P - +6 ring of dexterity
MPRegen  0.37/turn              q - ring of resist corrosion

@: very slightly contaminated, heavily drained
A: retaliatory headbutt, horns 2
a: Heroism, Renounce Religion


You were on level 10 of the Dungeon.
You worshipped Okawaru.
Okawaru was greatly pleased with you.
You were hungry.

You visited 2 branches of the dungeon, and saw 11 of its levels.
You also visited: Bailey.

You collected 1056 gold pieces.

Inventory:

Hand Weapons
 a - a +1 long sword of slicing (weapon)
 N - the +5 spear "Nyqimuk" {freeze, *Drain rF+ rN+ Str+3}
   (You found it on level 9 of the Dungeon)

   It has been specially enchanted to freeze those struck by it, causing extra
   injury to most foes and up to half again as much damage against particularly
   susceptible opponents.
   It can also slow down cold-blooded creatures.
   It affects your strength (+3).
   It protects you from fire.
   It protects you from negative energy.
   It causes draining when unequipped.
Armour
 b - a +0 scale mail
 c - a +0 shield (worn)
 i - a +0 plate armour (worn)
 j - a +0 cloak (worn)
 u - a +0 chain mail
Jewellery
 q - a ring of resist corrosion (right hand)
 r - an uncursed ring of magical power
 w - an uncursed ring of stealth
 x - an amulet of magic regeneration (around neck)
 y - a +1 ring of protection
 E - an uncursed ring of ice
 H - a +1 ring of slaying
 P - a +6 ring of dexterity (left hand)
Wands
 v - a wand of digging (10)
 z - a wand of polymorph (7)
 A - a wand of iceblast (11)
 F - a wand of paralysis (13)
 L - a wand of acid (6)
Scrolls
 e - a scroll of blinking
 g - 6 scrolls of remove curse
 k - 2 scrolls of magic mapping
 l - a scroll of enchant weapon {unknown}
 m - 5 scrolls of fog {unknown}
 p - 5 scrolls of teleportation {unknown}
 t - 4 scrolls of amnesia {unknown}
 G - a scroll of fear {unknown}
 I - a scroll of silence {unknown}
 J - a scroll of noise {unknown}
 K - a scroll of vulnerability {unknown}
 M - a scroll of identify
Potions
 d - a potion of might
 h - 2 potions of flight
 n - 2 potions of heal wounds
 o - a potion of mutation
 s - a potion of brilliance
 B - a potion of magic {unknown}
 C - 3 potions of curing {unknown}
 D - a potion of lignification {unknown}
 O - a potion of agility {unknown}
Comestibles
 f - 21 rations


   Skills:
 + Level 9.0(7.4) Fighting
 + Level 12.1(10.4) Long Blades
 + Level 10.4(8.7) Armour
 + Level 2.5(1.1) Dodging
 + Level 0.4(0.0) Stealth
 + Level 10.3(8.7) Shields
 + Level 0.1(0.0) Invocations


You had 10 spell levels left.
You didn't know any spells.
Your spell library was empty.

Dungeon Overview and Level Annotations

Branches:
Dungeon (10/15)            Temple (1/1) D:7            Lair (0/6) D:8
    Orc: D:9-12

Altars:
Ashenzari
Cheibriados
Dithmenos
Elyvilon
Fedhas
Gozag
Kikubaaqudgha
Okawaru
Qazlal
Ru
Sif Muna
Uskayaw
Vehumet
Wu Jian
Xom
Zin

Shops:
D:9 (


Innate Abilities, Weirdness & Mutations

You reflexively headbutt those who attack you in melee.
You have a pair of horns on your head.


Message History

Blink to where?
Press: ? - help, Dir - move target cursor You are very lightly contaminated with residual magic.
As you read the scroll of blinking, it crumbles to dust.
You block the sixfirhy's attack. x3; The sixfirhy hits you.
* * * LOW HITPOINT WARNING * * *
The sixfirhy shocks you!
* * * LOW HITPOINT WARNING * * *
You block the sixfirhy's attack. The sixfirhy barely misses you.
You riposte.
You miss the sixfirhy. Your headbutt misses the sixfirhy.
The sixfirhy hits you but does no damage. x2
You see here a scroll of random uselessness.
The sixfirhy hits you.
* * * LOW HITPOINT WARNING * * *
The sixfirhy shocks you!
* * * LOW HITPOINT WARNING * * *
The sixfirhy hits you.
* * * LOW HITPOINT WARNING * * *
The sixfirhy shocks you!
You die...

#.###.#### #.###.######## #
#.#...........
#.#.#.#......<.. ###
##.##.#.#.################..
...<........................
####.#.#######.##########..
#.#######.##########..
#....@3?.........>....
#########.############
#.##..........
#.##'######### #.#.....#
#.#.....######
#.#..)..##....
#.##.#####...( #.##.# #..((


You could see a sixfirhy.

Vanquished Creatures
  2 two-headed ogres (D:8)
  Joseph (D:7)
  A kobold demonologist (D:9)
  A troll (D:8)
  3 hippogriffs
  A wyvern (D:9)
  7 yaks
  Eustachio (D:4)
  A water moccasin (D:10)
  An orc warrior (D:9)
  A sky beast (D:9)
  3 ogres
  2 black bears
  A necrophage (D:5)
  4 centaurs
  3 big kobolds
  5 bullfrogs
  8 gnoll sergeants (Bailey)
  A scorpion (D:8)
  12 killer bees
  2 howler monkeys
  A crimson imp (D:7)
  A centaur zombie (D:9)
  6 gnoll shamans (Bailey)
  7 hounds
  A jelly (D:7)
  A quasit (D:9)
  A centaur skeleton (D:7)
  An orc priest (D:9)
  3 iguanas
  2 orc wizards
  Ijyb (D:3)
  Jessica (D:2)
  9 worker ants
  A worker ant zombie (D:5)
  14 gnolls (Bailey)
  9 adders
  3 oozes
  An adder zombie (D:9)
  2 dart slugs
  6 leopard geckos
  20 orcs
  3 ball pythons
  8 bats
  6 giant cockroaches
  6 goblins
  3 hobgoblins
  11 jackals
  17 kobolds
  5 quokkas
  A ball python skeleton (D:5)
  4 frilled lizards
  A quokka skeleton (D:8)
  A quokka zombie (D:4)
  4 rats
  A plant (D:2)
223 creatures vanquished.

Notes
Turn   | Place    | Note
-------+----------+-------------------------------------------
     0 | D:1      | Peloso the Minotaur Fighter began the quest for the Orb.
     0 | D:1      | Reached XP level 1. HP: 19/19 MP: 0/0
    79 | D:1      | Reached XP level 2. HP: 25/27 MP: 1/1
   478 | D:2      | Found an ornate altar of the Wu Jian Council.
   481 | D:2      | Reached XP level 3. HP: 33/33 MP: 2/2
   600 | D:2      | Reached skill level 3 in Long Blades
   608 | D:2      | Noticed Jessica
   612 | D:2      | Killed Jessica
   612 | D:2      | Reached XP level 4. HP: 35/41 MP: 3/3
  1043 | D:2      | Found a deep blue altar of Sif Muna.
  1087 | D:3      | Found a hide-covered altar of Uskayaw.
  1087 | D:3      | Noticed a +0 hand axe
  1087 | D:3      | Noticed a +0 hand axe
  1152 | D:3      | Reached skill level 4 in Long Blades
  1152 | D:3      | Reached XP level 5. HP: 46/47 MP: 4/4
  1301 | D:3      | Noticed Ijyb
  1323 | D:3      | Killed Ijyb
  1713 | D:4      | Reached skill level 5 in Long Blades
  1835 | D:4      | Reached XP level 6. HP: 53/53 MP: 5/5
  1881 | D:4      | Found a stormy altar of Qazlal.
  1981 | D:4      | Reached skill level 5 in Shields
  2018 | D:4      | Reached skill level 5 in Armour
  2045 | D:4      | Reached skill level 5 in Fighting
  2366 | D:4      | Noticed Eustachio
  2382 | D:4      | Killed Eustachio
  2382 | D:4      | Reached skill level 6 in Long Blades
  2382 | D:4      | Reached skill level 1 in Dodging
  2382 | D:4      | Reached XP level 7. HP: 61/61 MP: 6/6
  2783 | D:5      | Entered Level 5 of the Dungeon
  3108 | D:5      | Reached skill level 7 in Long Blades
  3450 | D:6      | Found a shadowy altar of Dithmenos.
  3510 | D:6      | Reached XP level 8. HP: 69/69 MP: 7/7
  4213 | D:7      | Noticed Joseph
  4230 | D:7      | Killed Joseph
  4230 | D:7      | Reached skill level 8 in Long Blades
  4609 | D:7      | Found a snail-covered altar of Cheibriados.
  4615 | D:7      | Found a staircase to the Ecumenical Temple.
  4637 | D:7      | Reached skill level 9 in Long Blades
  4646 | Temple   | Entered the Ecumenical Temple
  4673 | Temple   | Became a worshipper of Warmaster Okawaru
  4988 | D:8      | Noticed a two-headed ogre
  4996 | D:8      | Killed a two-headed ogre
  4996 | D:8      | Reached XP level 9. HP: 37/78 MP: 8/8
  5045 | D:8      | Reached * piety under Okawaru
  5045 | D:8      | Reached skill level 10 in Long Blades
  5066 | D:8      | Found a staircase to the Lair.
  5094 | D:8      | Noticed a two-headed ogre
  5112 | D:8      | Killed a two-headed ogre
  5112 | D:8      | Reached ** piety under Okawaru
  5147 | D:8      | Found a flagged portal.
  5182 | Bailey   | Entered a bailey
  5667 | Bailey   | Reached XP level 10. HP: 85/86 MP: 9/9
  6882 | D:8      | Reached skill level 11 in Long Blades
  7106 | D:8      | Reached *** piety under Okawaru
  7236 | D:7      | Reached skill level 10 in Armour
  7488 | D:9      | Found an opulent altar of Gozag.
  7528 | D:9      | Found a runed translucent door.
  7665 | D:9      | Reached **** piety under Okawaru
  7713 | D:9      | Found Basch's Antique Weapon Boutique.
  7818 | D:9      | Reached skill level 10 in Shields
  7824 | D:9      | Reached skill level 12 in Long Blades
  8567 | D:9      | Got a bloodstained spear
  8568 | D:9      | Identified the +5 spear "Nyqimuk" {freeze, *Drain rF+ rN+
                  | Str+3} (You found it on level 9 of the Dungeon)
  9090 | D:10     | Entered Level 10 of the Dungeon
  9154 | D:10     | Reached XP level 11. HP: 72/97 MP: 10/10
  9356 | D:10     | Noticed a two-headed ogre
  9359 | D:10     | Noticed a sixfirhy
  9380 | D:10     | HP: 2/97 [sixfirhy[a kobold demonologist] (4)]
  9380 | D:10     | Mangled by a sixfirhy

Skill      XL: |  1  2  3  4  5  6  7  8  9 10 |
---------------+-------------------------------+-----
Armour         | 4 5 6 8 9 10 | 10.4
Shields        | 4 5 6 7 8 10 | 10.3
Fighting       | 4 5 6 7 9 |  9.0
Long Blades    | 3 4 5 6 7 9 10 12 | 12.1
Dodging        | 1 2 |  2.5
Stealth        | |  0.4
Invocations    | |  0.1

Action                   |  1- 3 |  4- 6 |  7- 9 | 10-12 || total
-------------------------+-------+-------+-------+-------++-------
Melee: Long sword        |    49 |   169 |   210 |   304 ||   732
       Headbutt          |     8 |    32 |    36 |    77 ||   153
Invok: Heroism           |       |       |       |     3 ||     3
  Use: Scroll            |       |       |    11 |     1 ||    12
       Potion            |       |       |     4 |       ||     4
  Eat: Chunk             |       |     4 |     8 |     8 ||    20
       Ration            |       |       |     1 |     1 ||     2
Armor: Scale mail        |    22 |    17 |       |       ||    39
       Chain mail        |       |    83 |   109 |    24 ||   216
       Plate armour      |       |       |       |   127 ||   127
Dodge: Dodged            |    16 |    45 |    82 |    80 ||   223
Block: Shield            |    28 |    97 |   159 |   217 ||   501
       Rpst.: Long sword |     4 |    10 |    16 |    32 ||    62
